 Dungeon Crawl Stone Soup version 0.24-a0-574-g7d3d5a4 (webtiles) character file.

Game seed: 16223958033736445377

89085 pkoi the Tortoise (level 16, -21/128 HPs)
             Began as a Formicid Fighter on Aug 19, 2019.
             Was the Champion of Dithmenos.
             Demolished by an Ice Fiend (32 damage)
             ... in an ice cave on Aug 20, 2019.
             The game lasted 00:47:08 (26487 turns).

pkoi the Tortoise (Formicid Fighter)               Turns: 26487, Time: 00:47:09

Health: -21/128    AC: 28    Str: 42    XL:     16   Next: 42%
Magic:  20/20      EV: 20    Int: 12    God:    Dithmenos [******]
Gold:   1829       SH: 15    Dex: 17    Spells: 15/15 levels left

rFire    . . .     SeeInvis +   E - +8 triple sword of Conscience {speed, Dex+2}
rCold    . . .     Gourm    +   c - +1 shield
rNeg     + + .     Faith    .   O - +3 chain mail of Happy Babbling {Str+4 Int+2}
rPois    .         Spirit   .   (helmet unavailable)
rElec    +         Reflect  .   i - +2 cloak {+Inv}
rCorr    .         Harm     .   P - +2 pair of gloves {Str+3}
MR       +....                  t - +0 pair of boots
Stlth    +++++++...             g - amulet of the gourmand
HPRegen  0.31/turn              w - ring "Zerebliu" {rN++ SInv}
MPRegen  0.17/turn              A - +4 ring of strength

@: mighty, agile, wreathed by umbra
A: permanent stasis, dig shafts and tunnels, four strong arms, antennae 3,
iridescent scales 1, rugged brown scales 1, electricity resistance, MP-powered
wands
a: Dig, Shaft Self, Shadow Step, Shadow Form, Renounce Religion, Evoke
Invisibility


You were in an ice cave.
You worshipped Dithmenos.
Dithmenos was exalted by your worship.
You were not hungry.

You visited 5 branches of the dungeon, and saw 23 of its levels.
You visited 1 bazaar.
You also visited: Bailey and Ice Cave.

You collected 2669 gold pieces.
You spent 840 gold pieces at shops.

Inventory:

Hand Weapons
 m - a +3 scimitar of flaming
 E - the +8 triple sword of Conscience (weapon) {speed, Dex+2}
   (You acquired it on level 11 of the Dungeon)

   Attacks with this weapon are significantly faster.
   It affects your dexterity (+2).
Armour
 a - a +3 chain mail of magic resistance
 c - a +1 shield (worn)
 i - a +2 cloak of invisibility (worn)
 t - a +0 pair of boots (worn)
 O - the +3 chain mail of Happy Babbling (worn) {Str+4 Int+2}
   (You bought it in a shop on level 2 of the Orcish Mines)

   It affects your strength (+4).
   It affects your intelligence (+2).
 P - a +2 pair of gloves of strength (worn)
Jewellery
 g - an amulet of the gourmand (around neck)
 s - an uncursed amulet of guardian spirit
 w - the ring "Zerebliu" (left hand) {rN++ SInv}
   (You bought it in a shop in a bazaar)

   [ring of see invisible]

   It greatly protects you from negative energy.
   It lets you see invisible.
 x - a +6 ring of dexterity
 A - a +4 ring of strength (right hand)
 M - an uncursed amulet of the acrobat
Wands
 b - a wand of paralysis (12)
 h - a wand of digging (9)
 o - a wand of enslavement (12)
 D - a wand of polymorph (19)
 G - a wand of iceblast (9)
 I - a wand of flame (14)
 J - a wand of scattershot (6)
 L - a wand of random effects (30)
Scrolls
 e - 10 scrolls of identify
 k - 10 scrolls of remove curse
 p - 2 scrolls of enchant weapon
 q - 4 scrolls of amnesia
 r - 5 scrolls of fear
 y - a scroll of enchant armour
 B - a scroll of fog
 K - a scroll of magic mapping
Potions
 d - 4 potions of might
 j - 4 potions of brilliance
 n - 8 potions of curing
 u - a potion of heal wounds
 v - 3 potions of magic
 z - 2 potions of invisibility
 C - a potion of flight
 F - 2 potions of ambrosia
 H - 4 potions of agility
Miscellaneous
 l - a phantom mirror
Comestibles
 f - 35 rations


   Skills:
 - Level 11.0 Fighting
 + Level 15.1 Long Blades
 + Level 15.4 Armour
 - Level 7.0 Dodging
 + Level 13.8 Stealth
 - Level 9.7 Shields
 - Level 6.3 Evocations


You had 15 spell levels left.
You didn't know any spells.
Your spell library contained the following spells:

 Spells                   Type           Power        Failure   Level  Hunger
 Beastly Appendage        Tmut           #.....       58%         1    ##.....
 Confusing Touch          Hex            #.....       58%         1    ##.....
 Flame Tongue             Conj/Fire      #....        58%         1    ##.....
 Magic Dart               Conj           #...         58%         1    ##.....
 Summon Small Mammal      Summ           #...         58%         1    ##.....
 Call Imp                 Summ           #.......     75%         2    ###....
 Slow                     Hex            #.......     75%         2    ###....
 Sticks to Snakes         Tmut           #.......     75%         2    ###....
 Throw Flame              Conj/Fire      #.....       75%         2    ###....
 Call Canine Familiar     Summ           #.......     92%         3    ####...
 Confuse                  Hex            #.......     92%         3    ####...
 Conjure Flame            Conj/Fire      #.......     92%         3    ####...
 Gell's Gravitas          Tloc           #.........   92%         3    ####...
 Inner Flame              Hex/Fire       #.......     92%         3    ####...
 Mephitic Cloud           Conj/Pois/Air  #.......     92%         3    ####...
 Spider Form              Tmut/Pois      #.........   92%         3    ####...
 Summon Guardian Golem    Hex/Summ       #.......     92%         3    ####...
 Ice Form                 Ice/Tmut       #.......     100%        4    #####..
 Petrify                  Tmut/Erth      #.......     100%        4    #####..
 Sticky Flame             Conj/Fire      #.......     100%        4    #####..
 Summon Ice Beast         Ice/Summ       #.......     100%        4    #####..
 Summon Lightning Spire   Summ/Air       #.......     100%        4    #####..
 Blade Hands              Tmut           #.........   100%        5    ######.
 Fireball                 Conj/Fire      #.........   100%        5    ######.
 Metabolic Englaciation   Hex/Ice        #.........   100%        5    ######.
 Yara's Violent Unravell  Hex/Tmut       #.........   100%        5    ######.
 Blink                    Tloc           Unusable     N/A         2    N/A

Dungeon Overview and Level Annotations

Branches:
Dungeon (13/15)            Temple (1/1) D:7            Lair (6/6) D:9
  Swamp (1/4) Lair:2        Snake (0/4) Lair:3        Slime (0/5) Lair:6
    Orc (2/2) D:12            Elf (0/3) Orc:2        Vaults (0/5) D:13

Altars:
Ashenzari
Cheibriados
Dithmenos
Elyvilon
Fedhas
Gozag
Hepliaklqana
Kikubaaqudgha
Makhleb
Nemelex Xobeh
Okawaru
Qazlal
Ru
Sif Muna
Trog
Uskayaw
Vehumet
Wu Jian
Xom
Yredelemnul
Zin
The Shining One
Jiyva
Lugonu

Shops:
D:4 (   D:5 *   D:7 =   D:8 :   D:10 %%%%(   Orc:2 [}?:

Annotations:
D:11 2 transporters
Lair:6 1 runed translucent door


Innate Abilities, Weirdness & Mutations

You cannot be hasted, slowed, berserked, paralysed or teleported.
You can dig through walls and to a lower floor.
Your four strong arms can wield two-handed weapons with a shield.
You have a pair of large antennae on your head. (SInv)
You are partially covered in iridescent scales. (AC +2)
You are partially covered in rugged brown scales. (AC +1, +3% HP)
You are resistant to electric shocks. (rElec)
You expend magic power (3 MP) to strengthen your wands.


Message History

* * * LOW HITPOINT WARNING * * *
You block the wolf spider simulacrum's attack.
The Ice Fiend closely misses you.
You riposte.
You hit the Ice Fiend but do no damage.
The Ice Fiend claws you but does no damage.
The wolf spider simulacrum hits you but does no damage.
You block the wolf spider simulacrum's attack.
You completely miss the wolf spider simulacrum.
The Ice Fiend claws you but does no damage.
The Ice Fiend closely misses you.
You block the wolf spider simulacrum's attack.
The wolf spider simulacrum misses you.
You slash the Ice Fiend!
The Ice Fiend is lightly wounded.
You block the wolf spider simulacrum's attack.
The wolf spider simulacrum bites you but does no damage.
The Ice Fiend claws you!
* * * LOW HITPOINT WARNING * * *
The Ice Fiend freezes you!!
You die...

####.. ##..... ....... #...... ##
#.Z...## ###. #.§§§## ###...
#§§Z## #...## ###Z1## ##..#≈
###@§§# ###.###≈ ###§§°°##
#..##### ###
##○§°§.##≈≈≈≈≈≈##...##.
###.####.≈.##.#≈≈≈≈≈≈≈≈#..###.
###..#.##....#§≈≈≈≈≈≈≈≈≈≈###..##
#..####§.##.☼(#.##≈≈≈≈≈≈≈##..###
###..# #######.(##≈≈≈≈≈≈≈##..###
#.§§## ###...#### #≈≈≈####...#
§○☼§.###...#....######≈≈§####..##


You could see an Ice Fiend, a polar bear simulacrum and a wolf spider
simulacrum.

Vanquished Creatures
  Jorgrun (Orc:1)
  An orc warlord (D:12)
  An ettin (Orc:2)
  Harold (D:9)
  Erolcha (D:10)
  8 hydras
  Fannar (D:11)
  Erica (Lair:1)
  2 catoblepae (Lair:6)
  4 two-headed ogres
  3 alligators (Swamp:1)
  9 death yaks
  4 orc high priests
  A deep troll shaman (Lair:6)
  Urug (D:11)
  The ghost of Naiya55 the Carver, a novice DsGl of Nemelex Xobeh (D:8)
  Nergalle (D:11)
  3 unseen horrors
  8 orc knights
  7 orc sorcerers
  An ugly thing (D:11)
  A cyclops (Orc:1)
  A deep elf mage (D:13)
  A centaur zombie (D:13)
  An ice statue (IceCv)
  9 elephants
  4 black mambas
  A gargoyle (D:13)
  11 spiny frogs
  A kobold demonologist (D:11)
  2 rime drakes
  3 anaconda simulacra (IceCv)
  An efreet (D:13)
  4 ice devils (IceCv)
  3 freezing wraiths (IceCv)
  5 komodo dragons
  A golden dragon simulacrum (IceCv)
  7 trolls
  A polar bear (shapeshifter) (D:13)
  4 polar bears
  A wolf spider simulacrum (IceCv)
  3 slime creatures (D:12)
  Grinder (D:6)
  A tyrant leech (Swamp:1)
  17 blink frogs
  9 hippogriffs
  A meliai zombie (D:13)
  4 dream sheep (Lair:6)
  A spriggan (Lair:5)
  Sigmund (D:6)
  3 dire elephant simulacra (IceCv)
  3 wyverns
  2 water elementals (D:11)
  3 wraiths
  39 yaks
  3 basilisks
  2 vampire mosquitoes (D:12)
  A death yak simulacrum (IceCv)
  A hungry ghost (D:13)
  12 wargs
  Menkaure (D:6)
  A harpy simulacrum (IceCv)
  4 iron troll simulacra (IceCv)
  2 acid dragons
  3 nagas (Lair:3)
  Duvessa (D:5)
  13 porcupines
  A soldier ant (D:13)
  A hydra simulacrum (IceCv)
  11 water moccasins
  5 black bears
  A sky beast (D:8)
  2 ettin simulacra (IceCv)
  A necrophage (D:10)
  30 orc warriors
  3 ice beasts
  An alligator simulacrum (IceCv)
  2 phantoms
  3 boggarts (D:13)
  24 wolves
  17 centaurs
  2 eyes of draining
  7 ogres
  An ogre (shapeshifter) (D:13)
  12 crocodiles
  Blork the orc (D:6)
  5 big kobolds
  19 bullfrogs
  A wyvern zombie (D:11)
  Dowan (D:5)
  6 scorpions
  10 killer bees
  5 wights (D:13)
  4 electric eels
  2 howler monkeys
  A quasit (D:8)
  2 bullfrog zombies
  6 crimson imps
  2 draconian simulacra (IceCv)
  3 hounds
  20 orc priests
  3 jellies
  32 orc wizards
  2 bullfrog skeletons
  3 centaur skeletons
  11 iguanas
  6 worker ants
  4 troll simulacra (IceCv)
  A spriggan simulacrum (IceCv)
  2 centaur simulacra (IceCv)
  A hound zombie (D:8)
  2 hound skeletons
  17 gnolls
  8 adders
  3 naga simulacra (IceCv)
  5 ogre simulacra (IceCv)
  2 shadow imps
  4 white imps (IceCv)
  8 ufetubi (IceCv)
  2 adder skeletons
  5 worms
  4 dart slugs
  11 leopard geckos
  81 orcs
  5 bats
  3 giant cockroaches
  6 goblins
  22 hobgoblins
  8 jackals
  5 quokkas
  5 frilled lizards
  A jackal skeleton (D:5)
  44 kobolds
  A quokka skeleton (D:5)
  7 rats
  A plant (Lair:2)
791 creatures vanquished.

Vanquished Creatures (others)
  An ufetubus (IceCv)
  A quokka (D:8)
  6 fungi
  4 plants
12 creatures vanquished.

Grand Total: 803 creatures vanquished

Notes
Turn   | Place    | Note
-------+----------+-------------------------------------------
     0 | D:1      | pkoi the Formicid Fighter began the quest for the Orb.
     0 | D:1      | Reached XP level 1. HP: 18/18 MP: 1/1
   156 | D:1      | Reached XP level 2. HP: 23/24 MP: 2/2
   704 | D:1      | Reached XP level 3. HP: 29/29 MP: 3/3
   947 | D:2      | Found a stormy altar of Qazlal.
  1503 | D:2      | Reached XP level 4. HP: 35/35 MP: 4/4
  1577 | D:2      | Found a shattered altar of Ashenzari.
  1704 | D:2      | Reached XP level 5. HP: 31/41 MP: 5/5
  1955 | D:2      | Reached skill level 5 in Long Blades
  2536 | D:3      | Noticed a phantom
  2759 | D:3      | Killed a phantom
  2759 | D:3      | Reached XP level 6. HP: 37/47 MP: 6/6
  3103 | D:3      | Reached XP level 7. HP: 31/52 MP: 7/7
  3522 | D:4      | Gained mutation: You are partially covered in iridescent
                  | scales. (AC +2) [potion of mutation]
  3522 | D:4      | Gained mutation: You expend magic power (3 MP) to
                  | strengthen your wands. [potion of mutation]
  3522 | D:4      | Gained mutation: You are partially covered in rugged brown
                  | scales. (AC +1, +3% HP) [potion of mutation]
  3522 | D:4      | Gained mutation: You are resistant to electric shocks.
                  | (rElec) [potion of mutation]
  3831 | D:4      | Found Fatec's Antique Weapon Shop.
  4099 | D:5      | Entered Level 5 of the Dungeon
  4110 | D:5      | Noticed Dowan
  4180 | D:5      | Killed Dowan
  4193 | D:5      | Reached XP level 8. HP: 62/62 MP: 8/8
  4193 | D:5      | Noticed Duvessa
  4217 | D:5      | Killed Duvessa
  4217 | D:5      | Reached skill level 5 in Shields
  4492 | D:5      | Found Fadamn's Assorted Antiques.
  4517 | D:5      | Bought a vibrating tin amulet for 110 gold pieces
  4524 | D:5      | Identified the amulet "Ojuxy" {Acrobat MR- Int+6} (You
                  | bought it in a shop on level 5 of the Dungeon)
  4659 | D:5      | Reached skill level 5 in Fighting
  4718 | D:5      | Reached skill level 5 in Armour
  4759 | D:5      | Found a basalt altar of Yredelemnul.
  4795 | D:5      | Found a basalt altar of Yredelemnul.
  5254 | D:6      | Noticed Blork the orc
  5262 | D:6      | Killed Blork the orc
  5336 | D:6      | Reached XP level 9. HP: 66/70 MP: 9/9
  5366 | D:6      | Noticed Sigmund
  5382 | D:6      | Killed Sigmund
  6023 | D:6      | Found a snail-covered altar of Cheibriados.
  6023 | D:6      | Found a radiant altar of Vehumet.
  6041 | D:6      | Noticed Menkaure
  6056 | D:6      | Killed Menkaure
  6377 | D:6      | Noticed Grinder
  6499 | D:7      | Found Usyl's Jewellery Boutique.
  6507 | D:7      | Bought a cursed ring of attention for 49 gold pieces
  6522 | D:7      | Found a flagged portal.
  6541 | Bailey   | Entered a bailey
  6666 | Bailey   | Noticed an orc knight
  6818 | Bailey   | Killed an orc knight
  7252 | D:7      | Reached XP level 10. HP: 84/84 MP: 10/10
  7663 | D:6      | Reached XP level 11. HP: 81/89 MP: 11/11
  7766 | D:7      | Found a staircase to the Ecumenical Temple.
  7841 | D:7      | Reached skill level 10 in Long Blades
  7851 | Temple   | Entered the Ecumenical Temple
  7952 | Temple   | Became a worshipper of Dithmenos the Shadowed
  8164 | D:7      | Found a stormy altar of Qazlal.
  8434 | D:8      | Reached skill level 1 in Evocations
  8648 | D:8      | Found a runed translucent door.
  8649 | D:8      | Noticed a two-headed ogre
  8734 | D:8      | Killed a two-headed ogre
  8889 | D:8      | Reached * piety under Dithmenos
  8925 | D:8      | Noticed an unseen horror
  8925 | D:8      | Noticed Naiya55's ghost (novice DsGl)
  8983 | D:8      | Found a bloodstained altar of Trog.
  9103 | D:8      | Reached skill level 5 in Dodging
  9270 | D:8      | Found a bloodstained altar of Trog.
  9291 | D:8      | Found a white marble altar of Elyvilon.
  9457 | D:8      | Found Inececso's Book Boutique.
  9830 | D:9      | Noticed Harold
  9860 | D:9      | Killed Harold
  9886 | D:9      | Reached ** piety under Dithmenos
 10128 | D:9      | Noticed a death yak
 10145 | D:9      | Noticed a death yak
 10147 | D:9      | Noticed a death yak
 10172 | D:9      | Killed a death yak
 10181 | D:9      | Killed a death yak
 10181 | D:9      | Reached XP level 12. HP: 73/99 MP: 13/15
 10183 | D:9      | Reached skill level 10 in Fighting
 10188 | D:9      | Reached skill level 10 in Armour
 10334 | D:9      | Killed a death yak
 10521 | D:9      | Found a staircase to the Lair.
 11152 | Lair:1   | Entered Level 1 of the Lair of Beasts
 11188 | D:9      | Upgraded the game from 0.24-a0-549-g45f0056 to
                  | 0.24-a0-574-g7d3d5a4
 11201 | D:10     | Entered Level 10 of the Dungeon
 11201 | D:10     | Found Jeagenuo's Food Shoppe.
 11248 | D:10     | Found Kutueter's Food Shoppe.
 11355 | D:10     | Found Wipsoi's Food Boutique.
 11386 | D:10     | Noticed an unseen horror
 11392 | D:10     | Killed an unseen horror
 11467 | D:10     | Reached *** piety under Dithmenos
 11477 | D:10     | Noticed Erolcha
 11489 | D:10     | Killed Erolcha
 11489 | D:10     | Reached skill level 5 in Evocations
 11503 | D:10     | Found Yssu's Food Shoppe.
 11581 | D:10     | Found Icoev's Weapon Boutique.
 11937 | D:10     | Got an ancient broad axe
 11938 | D:10     | Identified the +12 broad axe of Cirph {freeze, rElec rN+
                  | Int+2} (You found it on level 10 of the Dungeon)
 11990 | D:11     | Noticed Nergalle
 12026 | D:11     | Killed Nergalle
 12832 | D:11     | Found a transporter.
 12877 | D:11     | Identified a scroll of acquirement
 12878 | D:11     | Got a dazzling triple sword
 12879 | D:11     | Identified the +8 triple sword of Conscience {speed, Dex+2}
                  | (You acquired it on level 11 of the Dungeon)
 13065 | D:11     | Noticed Fannar
 13089 | D:11     | Killed Fannar
 13193 | D:11     | Found a transporter.
 13194 | D:11     | Found the +7 great mace "Firestarter" {inner flame, rF++}
 13293 | D:11     | Noticed Urug
 13317 | D:11     | Killed Urug
 13317 | D:11     | Reached **** piety under Dithmenos
 13507 | D:12     | Reached XP level 13. HP: 58/108 MP: 17/17
 13780 | D:12     | Found a flickering gateway to a bazaar.
 13790 | Bazaar   | Entered a bazaar
 13790 | Bazaar   | Found Muumiq's Food Emporium.
 13790 | Bazaar   | Found Lemorch's Armour Shoppe.
 13790 | Bazaar   | Found Pironorr's Jewellery Emporium.
 13790 | Bazaar   | Found Syix's Gadget Shoppe.
 13827 | Bazaar   | Bought the ring "Zerebliu" {rN++ SInv} for 325 gold pieces
 13915 | D:12     | Found a staircase to the Orcish Mines.
 13949 | D:12     | Reached skill level 1 in Stealth
 14456 | D:13     | Found a corrupted altar of Lugonu.
 14622 | D:13     | Reached ***** piety under Dithmenos
 14711 | D:13     | Noticed a seven-headed hydra
 14731 | D:13     | Killed a three-headed hydra
 14731 | D:13     | Reached skill level 5 in Stealth
 14840 | D:13     | Found a gate to the Vaults.
 15234 | Lair:1   | Noticed Erica
 15244 | Lair:1   | Killed Erica
 16055 | Lair:2   | Found a staircase to the Swamp.
 16088 | Lair:2   | Reached XP level 14. HP: 116/116 MP: 18/18
 17141 | Lair:3   | Found a staircase to the Snake Pit.
 17143 | Lair:3   | Reached ****** piety under Dithmenos
 19126 | Lair:5   | Reached skill level 10 in Stealth
 19743 | Lair:6   | Entered Level 6 of the Lair of Beasts
 19756 | Lair:6   | Reached XP level 15. HP: 121/121 MP: 19/19
 20210 | Lair:6   | Found a runed translucent door.
 20210 | Lair:6   | Found a viscous altar of Jiyva.
 20210 | Lair:6   | Found a staircase to the Slime Pits.
 20210 | Lair:6   | Noticed an acid blob
 20210 | Lair:6   | Noticed an acid blob
 20210 | Lair:6   | Noticed an acid blob
 21572 | D:6      | Killed Grinder
 21648 | D:8      | Killed Naiya55's ghost
 21784 | Orc:1    | Entered Level 1 of the Orcish Mines
 21821 | Orc:1    | Noticed an orc warlord
 21880 | Orc:1    | Noticed Jorgrun
 21894 | Orc:1    | Killed Jorgrun
 22091 | D:12     | Killed an orc warlord
 22570 | Orc:2    | Entered Level 2 of the Orcish Mines
 22670 | Orc:2    | Found a staircase to the Elven Halls.
 23610 | Orc:2    | Reached XP level 16. HP: 120/128 MP: 20/20
 23832 | Orc:2    | Found Saytuov's Book Emporium.
 23832 | Orc:2    | Found Verchez's Antique Armour Emporium.
 24114 | Orc:2    | Reached skill level 15 in Armour
 24348 | Orc:2    | Found Cuejio Sauv's Gadget Shop.
 24367 | Orc:2    | Found Hout's Magic Scroll Shop.
 24392 | Orc:2    | Bought an ichor-stained chain mail for 199 gold pieces
 24392 | Orc:2    | Bought a pair of runed gloves for 157 gold pieces
 24392 | Orc:2    | Identified the +3 chain mail of Happy Babbling {Str+4
                  | Int+2} (You bought it in a shop on level 2 of the Orcish
                  | Mines)
 24578 | Swamp:1  | Entered Level 1 of the Swamp
 24632 | Swamp:1  | Found a frozen archway.
 24649 | IceCv    | Entered an ice cave
 24839 | IceCv    | Reached skill level 15 in Long Blades
 26345 | IceCv    | Noticed an Ice Fiend
 26487 | IceCv    | Demolished by an Ice Fiend

Levels and vault maps discovered:
D:1:      tarquinn_simple_flora_water_e, layout_basic
D:2:      layout_loops_corners, nicolae_qazlal_general_emergency,
          kennysheep_cross_bottleneck, ashenzari_altar_1
D:3:      layout_basic
D:4:      layout_cave_pools, serial_shops, nicolae_shop_crystal
D:5:      layout_cave_pools, kennysheep_mini, serial_shops,
          nicolae_shop_crystal, first_ration, basic_altar, serial_rivers,
          chequers_serial_rivers_small_3, chequers_serial_rivers_small_b,
          chequers_serial_rivers_micro_c, chequers_serial_rivers_large_a,
          chequers_serial_rivers_micro_e, uniq_duvessa
D:6:      layout_basic, chequers_temple_overflow_statue_of_worship,
          centaur_isle, uniq_sigmund, uniq_blork_the_orc, uniq_grinder,
          uniq_menkaure
D:7:      layout_basic, minmay_temple_entry_crystal_x, basic_altar,
          serial_shops, nicolae_shop_waterfront, enter_bailey_2,
          minmay_diced_spiral
D:8:      minmay_ornate_pinched, layout_basic, elyvilon_altar_4,
          lemuel_crystal_altar, serial_shops, kennysheep_mini_moat,
          ebering_ghost_inner_flame, trog_butcher_becter
D:9:      layout_basic, dpeg_lair_monsters, uniq_harold
D:10:     layout_rooms, serial_shops, nicolae_shop_statue_plus, shop,
          shop_statue, nicolae_shop_waterfront, nicolae_shop_stone, uniq_erolcha
D:11:     gammafunk_cloud_chamber, layout_basic, uniq_nergalle, uniq_fannar,
          uniq_urug
D:12:     layout_rooms, erik_orc_4, serial_shops, bzr_entry_lakeside,
          grunt_pizzeria
D:13:     layout_roguey, david_vaults_4, interstate_on_off, tgw_lugonu_bribe
Temple:   nicolae_temple_elliptical
Lair:1:   layout_roguey, uniq_erica
Lair:2:   layout_gridlike, swamp_mist, chequers_serial_rivers_micro_d,
          chequers_serial_rivers_micro_a, hibernation_bobbens
Lair:3:   layout_loops_ring, guppyfry_snake_entry_island, grunt_megastairs_2
Lair:4:   layout_roguey, infiniplex_staircase_pool_2
Lair:5:   layout_concentric_octagons, forest_entry_grove, grunt_megastairs_5
Lair:6:   grunt_lair_end_beastmaster, layout_regular_city, slime_altar_2,
          lemuel_old_faithful
Swamp:1:  layout_falls_marsh, portal_ice_cave_entry_pillars_four,
          serial_swamp_ruin, evilmike_swamp_ruin_house_1,
          evilmike_swamp_ruin_house_6, evilmike_swamp_ruin_house_4, swamp_pool5
Orc:1:    layout_diamond_mine, uniq_jorgrun
Orc:2:    st_orc_elflike, layout_caves, nooodl_orcs_dogs
IceCv:    ice_cave_caverns_02

Skill      XL: |  1  2  3  4  5  6  7  8  9 10 11 12 13 14 15 16 |
---------------+-------------------------------------------------+-----
Long Blades    | 3 4 6 7 9 10 11 12 13 14 15 | 15.1
Shields        | 4 6 9 |  9.7
Fighting       | 4 5 8 9 10 11 | 11.0
Armour         | 4 5 8 9 10 12 13 14 15 | 15.4
Dodging        | 4 5 6 7 |  7.0
Evocations     | 4 6 |  6.3
Stealth        | 7 10 12 13 | 13.8

Action                   |  1- 3 |  4- 6 |  7- 9 | 10-12 | 13-15 | 16-18 || total
-------------------------+-------+-------+-------+-------+-------+-------++-------
Melee: Long sword        |    46 |    70 |   156 |   514 |       |       ||   786
       Dagger            |    75 |    98 |   239 |   146 |       |       ||   558
       Triple sword      |       |       |       |    57 |   970 |   245 ||  1272
       Broad axe         |       |       |       |     4 |       |       ||     4
       Scimitar          |       |       |       |       |    61 |       ||    61
 Abil: Dig               |       |       |     4 |     1 |     3 |     4 ||    12
Evoke: Wand              |       |       |       |       |       |     4 ||     4
  Use: Potion            |       |       |    11 |     2 |     2 |     3 ||    18
       Scroll            |       |       |    12 |     5 |     4 |     2 ||    23
 Stab: Invisible         |       |       |       |     5 |       |       ||     5
       Sleeping          |       |       |       |       |     1 |     4 ||     5
       Petrified         |       |       |       |       |     5 |       ||     5
       Distracted        |       |       |       |       |     1 |     2 ||     3
  Eat: Chunk             |     2 |     5 |    25 |    21 |    54 |    23 ||   130
Armor: Scale mail        |    52 |    67 |   107 |       |       |       ||   226
       Skin              |       |       |     3 |       |       |       ||     3
       Plate armour      |       |       |     1 |   214 |       |       ||   215
       Chain mail        |       |       |       |     5 |   354 |    77 ||   436
Dodge: Dodged            |    33 |    52 |   110 |   182 |   354 |    81 ||   812
Block: Shield            |    61 |    76 |   217 |   409 |   655 |   136 ||  1554
       Rpst.: Long sword |     4 |     8 |    15 |    28 |       |       ||    55
       Triple sword      |       |       |       |     6 |    72 |    11 ||    89
       Scimitar          |       |       |       |       |     2 |       ||     2

Table legend:
 A = Non-vault XP
 B = Vault XP
 C = Vault XP percentage of total XP
 D = Non-vault monster count
 E = Vault monster count
 F = Vault count percentage of total count
                 A         B        C        D         E       F
            +---------+---------+-------+---------+---------+-------
      Total |   75012 |   48527 |  39.3 |     560 |     230 |  29.1
            +---------+---------+-------+---------+---------+-------
        D:1 |      29 |       0 |   0.0 |      18 |       0 |   0.0
        D:2 |     134 |       0 |   0.0 |      24 |       0 |   0.0
        D:3 |     367 |       0 |   0.0 |      32 |       0 |   0.0
        D:4 |     348 |       0 |   0.0 |      22 |       0 |   0.0
        D:5 |     596 |     226 |  27.5 |      19 |       2 |   9.5
        D:6 |     863 |    1448 |  62.7 |      21 |      10 |  32.3
        D:7 |     542 |     183 |  25.2 |      19 |       3 |  13.6
        D:8 |    2486 |    2311 |  48.2 |      27 |      13 |  32.5
        D:9 |    1964 |    4386 |  69.1 |      37 |       8 |  17.8
       D:10 |    2058 |     980 |  32.3 |      30 |       1 |   3.2
       D:11 |    2929 |    2568 |  46.7 |      28 |       3 |   9.7
       D:12 |    4903 |     693 |  12.4 |      19 |      18 |  48.6
       D:13 |    6978 |    2544 |  26.7 |      36 |       5 |  12.2
     Lair:1 |    2470 |     900 |  26.7 |      14 |       1 |   6.7
     Lair:2 |    5230 |     343 |   6.2 |      22 |       1 |   4.3
     Lair:3 |    8948 |    1073 |  10.7 |      39 |       9 |  18.8
     Lair:4 |    3621 |       0 |   0.0 |      16 |       0 |   0.0
     Lair:5 |    9396 |    1248 |  11.7 |      25 |       9 |  26.5
     Lair:6 |    7975 |   10364 |  56.5 |      36 |      20 |  35.7
    Swamp:1 |    3276 |       0 |   0.0 |       5 |       0 |   0.0
      Orc:1 |    4555 |    5120 |  52.9 |      37 |       5 |  11.9
      Orc:2 |    5344 |    6289 |  54.1 |      34 |      33 |  49.3
     Bailey |       0 |     901 | 100.0 |       0 |      34 | 100.0
      IceCv |       0 |    6950 | 100.0 |       0 |      55 | 100.0
            +---------+---------+-------+---------+---------+-------
